[Event "Live Chess"]
[Site "Chess.com"]
[Date "2023.05.21"]
[Round "-"]
[White "Cimon"]
[Black "nigelst"]
[Result "1-0"]
[WhiteElo "1883"]
[BlackElo "1795"]
[TimeControl "300"]
[EndTime "16:31:43 PDT"]
[Termination "Cimon won on time"]

1. Nf3 Nf6 2. c4 e6 3. Nc3 Be7 4. d3 O-O 5. g3 d6 6. Bg2 Nbd7 7. e4 e5 8. O-O b6 9. h3 Bb7 10. Be3 Nc5 11. b4 Ncd7 12. Nh2 c5 13. a3 Rc8 14. f4 exf4 15. gxf4 Nb8 16. Ng4 Nxg4 17. hxg4 Bf6 18. Rc1 Nd7 19. g5 Bxc3 20. Rxc3 f6 21. Bh3 Rc7 22.
Rc2 fxg5 23. fxg5 Rxf1+ 24. Qxf1 Ne5 25. Rf2 Rf7 26. Be6 Qe7 27. Bxf7+ Nxf7 28. Qg2 Ne5 29. Rd2 Qf7 30. Rf2 Qe6 31. Rf5 g6 32. Rf6 Qe7 33. Qe2 Qd7 34. Kg2 Bc8 35. Qf2 Qh3+ 36. Kg1 Qg4+ 37. Kf1 Qd1+ 38. Qe1 Qxe1+ 39. Kxe1 Nxd3+ 40. Kd2 Ne5 41. Rxd6 Ba6 42. b5 Nxc4+ 43. Kc3 Nxd6 44. bxa6 Nf7 45. Kc4 Ne5+ 46. Kd5 Nf3 47.
Kc6 Kf7 48. Kb7 Ke6 49. Kxa7 1-0

[Event "Live Chess"]
[Site "Chess.com"]
[Date "2023.05.21"]
[Round "-"]
[White "LutherSullivan"]
[Black "JohanKjeldahl"]
[Result "1-0"]
[WhiteElo "2083"]
[BlackElo "1861"]
[TimeControl "300"]
[EndTime "16:32:02 PDT"]
[Termination "LutherSullivan won by resignation"]

1. d4 Nf6 2. Nf3 e6 3. g3 b6 4.
Bg2 Bb7 5. O-O Be7 6. Re1 d5 7. a4 O-O 8. a5 Nbd7 9. a6 Bc8 10. c4 c6 11. b3 Ne4 12. Qc2 f5 13. cxd5 cxd5 14. Qc6 Rb8 15. Qxe6+ Kh8 16. Bf4 Ndc5 17. Qc6 Bd7 18. Qxd5 Be6 19. Qxd8 Rbxd8 20. dxc5 Bxc5 21. e3 Bxb3 22. Na3 Bb4 23. Reb1 Bc3 24. Nd4 Bxa1 25. Rxa1 Bd5 26. Nab5 g5 27. Be5+ Kg8 28. Nxa7 Rf7 29. Nab5 Bc4 30. a7 Bxb5 31. a8=Q 1-0

[Event "Live Chess"]
[Site "Chess.com"]
[Date "2023.05.21"]
[Round "-"]
[White "Conradical12"]
[Black "HD_IN4k"]
[Result "1-0"]
[WhiteElo "1602"]
[BlackElo "394"]
[TimeControl "300"]
[EndTime "16:32:04 PDT"]
[Termination "Conradical12 won by checkmate"]

1. e4 g6 2. e5 Bg7 3. d4 Nf6 4.
exf6 e5 5. fxg7 Rg8 6. Bh6 Rxg7 7. Bxg7 Ke7 8. Qf3 exd4 9. Bf6+ Ke8 10. Bxd8 Kxd8 11.
Qxf7 Nc6 12. Qf8# 1-0

[Event "Live Chess"]
[Site "Chess.com"]
[Date "2023.05.21"]
[Round "-"]
[White "LiamClery2020"]
[Black "KeithArkell"]
[Result "0-1"]
[WhiteElo "2061"]
[BlackElo "2612"]
[TimeControl "300"]
[EndTime "16:32:05 PDT"]
[Termination "KeithArkell won on time"]

1. e4 c6 2. d4 d5 3. Nc3 dxe4 4.
Nxe4 Nd7 5. Nf3 Ngf6 6. Ng3 c5 7. dxc5 e6 8. Bd3 Nxc5 9. O-O Nxd3 10. cxd3 Be7 11. d4 b6 12. Ne5 Bb7 13. Qa4+ Nd7 14.
Bf4 a6 15. Rac1 b5 16. Qb3 Bd5 17. Qe3 Nxe5 18. Bxe5 O-O 19. Bc7 Qd7 20. Bf4 Bxa2 21. Rc7 Qd8 22. Nf5 exf5 23. Rxe7 Be6 24. Bg5 Qd5 25.
Qg3 Kh8 26. Bf4 Rfe8 27. Be5 Rg8 28. Rc1 a5 29. Rc5 Qe4 30. h3 b4 31. Rcc7 f4 32. Qg5 Qe1+ 33. Kh2 Qxf2 34. Bxf4 h6 35. Qe5 Rae8 36.
Bxh6 Qf6 37. Bf4 Qxe5 38. Bxe5 Rxe7 39. Rxe7 Ra8 40. Rb7 f6 41. Bd6 Rd8 42. Bc7 Rxd4 43. Bxa5 b3 44. Bc3 Re4 45. Rb4 Re2 46. Rb8+ Kh7 47.
Rb5 Kg6 48. Kg3 Bc4 49. Rb4 Bd5 50. Rg4+ Kf7 51. Rb4 Rxg2+ 52. Kf4 g5+ 53. Ke3 Be6 54. Rb7+ Kg6 55. Rb6 Kf5 56. Rb5+ Kg6 57. Rb6 Bxh3 58. Rxf6+ Kh5 59. Rf8 Rc2 60. Rh8+ Kg4 61. Rf8 Kg3 62. Rb8 Be6 63. Rg8 g4 64. Rg5 Bc4 0-1

[Event "Live Chess"]
[Site "Chess.com"]
[Date "2023.05.21"]
[Round "-"]
[White "sanjesh_ananda"]
[Black "1600x"]
[Result "0-1"]
[WhiteElo "1274"]
[BlackElo "1822"]
[TimeControl "300"]
[EndTime "16:32:43 PDT"]
[Termination "1600x won on time"]

1. e4 d5 2. exd5 Qxd5 3. Nc3 Qe5+ 4. Be2 c5 5. Nf3 Qf6 6. Nd5 Qc6 7. Nc3 Qg6 8. O-O Nc6 9. Nd5 Qd6 10. c4 e6 11.
Ne3 b6 12. Re1 Bb7 13. Bf1 O-O-O 14. a4 g6 15. Ng5 Qe7 16. f4 e5 17. d3 Rd4 18.
Ng4 Nh6 0-1

[Event "Live Chess"]
[Site "Chess.com"]
[Date "2023.05.21"]
[Round "-"]
[White "HoarseyHorsey"]
[Black "LiamBellwood"]
[Result "0-1"]
[WhiteElo "1433"]
[BlackElo "2061"]
[TimeControl "300"]
[EndTime "16:33:03 PDT"]
[Termination "LiamBellwood won by resignation"]

1. d4 e6 2. c4 f5 3. Nc3 Nf6 4. Bg5 Bb4 5. e3 Bxc3+ 6. bxc3 h6 7. Bxf6 Qxf6 8. Bd3 O-O 9. Nf3 b6 10. O-O Bb7 11.
Re1 d6 12. e4 fxe4 13. Bxe4 Bxe4 14. Rxe4 Nd7 15. Qe2 Rae8 16. Re1 e5 17. dxe5 Nxe5 18. Nxe5 Rxe5 19. Rxe5 dxe5 20. Qe3 e4 21. Re2 Rd8 22. h3 Qe5 23. g3 Rd1+ 24. Kh2 Ra1 25. Qd2 c6 26. Qd4 Qxd4 27. cxd4 Rc1 28. d5 Rxc4 29. Rd2 cxd5 30. Rxd5 Rc2 31. Kg2 Rxa2 32. Rd4 e3 33.
Kf3 exf2 0-1

[Event "Live Chess"]
[Site "Chess.com"]
[Date "2023.05.21"]
[Round "-"]
[White "mattihelenius2"]
[Black "flyingpuffins"]
[Result "0-1"]
[WhiteElo "489"]
[BlackElo "1964"]
[TimeControl "300"]
[EndTime "16:33:04 PDT"]
[Termination "flyingpuffins won by resignation"]

1. d4 d5 2. c4 c6 3. Nf3 Nf6 4. cxd5 cxd5 5. Ne5 Nbd7 6. Bg5 Nxe5 7. Bxf6 exf6 8. dxe5 fxe5 9. Nc3 d4 10. Ne4 Bf5 11. e3 Bxe4 12. Bd3 Bb4+ 13. Kf1 Bxd3+ 14. Qxd3 dxe3 15.
Qxd8+ Rxd8 16. Ke2 exf2 17. Rhd1 Rxd1 18. Rxd1 Bc5 19.
b4 Bb6 20. a3 O-O 21. g3 f5 22. Rd5 f4 23. Rxe5 fxg3 24. hxg3 f1=Q+ 25. Kd2 Rd8+ 26. Kc2 Qd1+ 27. Kc3 Bd4+ 28. Kc4 Bxe5 0-1

[Event "Live Chess"]
[Site "Chess.com"]
[Date "2023.05.21"]
[Round "-"]
[White "grillage"]
[Black "ShanthamGrarks"]
[Result "0-1"]
[WhiteElo "1837"]
[BlackElo "2012"]
[TimeControl "300"]
[EndTime "16:33:08 PDT"]
[Termination "ShanthamGrarks won by resignation"]

1. d4 e6 2. Nf3 f5 3. d5 d6 4. dxe6 Bxe6 5. Nd4 Bf7 6. Nxf5 Nf6 7. Nc3 Bg6 8. Nd4 Qd7 9. e4 Be7 10. Bc4 Nxe4 11. Nxe4 Bxe4 12. O-O d5 13. Bd3 Bxd3 14.
Qxd3 O-O 15. Be3 c5 16. Nf3 d4 17. Bg5 Nc6 18. a3 Rxf3 19. Qc4+ Rf7 20. Bd2 Ne5 21.
Qe2 Bd6 0-1

[Event "Live Chess"]
[Site "Chess.com"]
[Date "2023.05.21"]
[Round "-"]
[White "AlanPaling"]
[Black "Missedidea"]
[Result "0-1"]
[WhiteElo "1379"]
[BlackElo "1823"]
[TimeControl "300"]
[EndTime "16:33:13 PDT"]
[Termination "Missedidea won on time"]

1. c4 Nf6 2. Nc3 g6 3. g3 Bg7 4.
Bg2 O-O 5. e4 d6 6. Nge2 e5 7.
O-O Be6 8. d3 c6 9. f4 Qc8 10. b3 Na6 11. Bb2 Ng4 12. Qd2 Qc7 13. h3 Qb6+ 14. d4 exd4 15. Na4 Qb4 16. Qxb4 Nxb4 17.
hxg4 c5 18. Rfd1 Bxg4 19. Kf2 Nc2 20. Rac1 Ne3 21. Re1 Nxg2 22. Kxg2 Rfe8 23. e5 b6 24. Rcd1 dxe5 25. f5 Bxf5 26. Bc1 e4 27. Nf4 e3 28.
Nb2 Be4+ 29. Kg1 Rad8 30. Nfd3 g5 31. a4 Bf3 32. Kh2 Re6 33. g4 Rdd6 34. Kg3 Bxd1 35. Nxd1 h5 36. gxh5 f5 0-1

[Event "Live Chess"]
[Site "Chess.com"]
[Date "2023.05.21"]
[Round "-"]
[White "blowerd"]
[Black "domrobson"]
[Result "0-1"]
[WhiteElo "1390"]
[BlackElo "1771"]
[TimeControl "300"]
[EndTime "16:33:34 PDT"]
[Termination "domrobson won on time"]

1. e4 e5 2. Nf3 Nc6 3. Bc4 Nf6 4.
Nc3 Nxe4 5. Nxe4 d5 6. Bd3 dxe4 7. Bxe4 Bg4 8. O-O Bd6 9. Bxc6+ bxc6 10. h3 Bh5 11. g4 Bg6 12. d3 O-O 13. Bg5 f6 14. Be3 e4 15. dxe4 Bxe4 16. c3 Qe7 17. Nd4 f5 18. Qb3+ Bd5 19. c4 Be4 20. Nxf5 Bxf5 21.
gxf5 Kh8 22. c5 Bxc5 23. Bxc5 Qxc5 24. Rac1 Qxf5 25. Rc3 Rf6 26. Rg3 Raf8 27. Qe3 Qc2 28. Qg5 Rg6 29. Qe5 Rxg3+ 30. Qxg3 Qxb2 31. Qxc7 Qxa2 32. Qxc6 h6 33. Qg2 Rf6 34. Qh2 Rg6+ 35. Kh1 Qd5+ 36.
f3 Rf6 37. Qb8+ Kh7 38. Qb1+ Qf5 39. Qxf5+ Rxf5 40. Kg2 Ra5 41. Rb1 Ra2+ 42. Kg3 a5 43. Rb5 a4 44. Ra5 a3 45. Kh4 Ra1 46. f4 a2 47. f5 Kg8 48. Kh5 Kf7 49. h4 Kf6 50. Ra6+ Kxf5 51. Ra5+ Ke4 52. Ra4+ Kd3 53. Ra8 Kc4 54.
Rc8+ Kd5 55. Rd8+ Ke6 56. Re8+ Kf7 57. Ra8 Rg1 58. Rxa2 g6+ 59. Kxh6 Rh1 60. Ra7+ Kf6 61.
Ra6+ Kf5 62. Ra5+ Kf4 63. Kxg6 Ke3 64. h5 Rg1+ 65. Kf6 Rh1 66. Kg6 Kf4 67. h6 Rg1+ 68.
Kf7 Rg2 69. h7 Rh2 70. Kg8 Rg2+ 71. Kf8 Rh2 72. Ra4+ Ke5 73. Kg7 Rg2+ 74. Kf8 Rh2 75. Ra5+ Kf6 76. Ra6+ Ke5 77. Kf7 Rf2+ 78. Kg7 Rg2+ 79.
Kh6 Rh2+ 0-1

[Event "Live Chess"]
[Site "Chess.com"]
[Date "2023.05.21"]
[Round "-"]
[White "whitedjohn"]
[Black "NAZRIZ1977"]
[Result "0-1"]
[WhiteElo "1649"]
[BlackElo "2065"]
[TimeControl "300"]
[EndTime "16:33:58 PDT"]
[Termination "NAZRIZ1977 won by checkmate"]

1. e4 c5 2. Nf3 d6 3. d4 cxd4 4. Nxd4 Nf6 5. Nc3 g6 6. Bc4 Bg7 7. Be3 O-O 8. f3 Nc6 9. Qd2 Bd7 10. O-O-O Rc8 11. Bb3 Nxd4 12. Bxd4 b5 13. g4 a5 14. a3 b4 15. axb4 axb4 16. Nd5 Nxd5 17. Bxg7 Kxg7 18. Qxd5 Kg8 19. Qg5 Rc5 20. Qe3 Qc7 21.
h4 Rc8 22. Rh2 Qa7 23. Kd2 Rxc2+ 24. Bxc2 Rxc2+ 25. Kd3 Bb5+ 26. Kxc2 Qxe3 27. Rhd2 Ba4+ 28. b3 Qxb3+ 29. Kc1 Qc3+ 30. Rc2 Qxc2# 0-1

[Event "Live Chess"]
[Site "Chess.com"]
[Date "2023.05.21"]
[Round "-"]
[White "Jo1ts"]
[Black "GMHarry-youtube"]
[Result "0-1"]
[WhiteElo "791"]
[BlackElo "2012"]
[TimeControl "300"]
[EndTime "16:34:13 PDT"]
[Termination "GMHarry-youtube won by resignation"]

1. d4 Nf6 2. Bf4 d5 3. e3 c5 4.
Nf3 Nc6 5. c3 Bf5 6. Bd3 Bxd3 7.
Qxd3 c4 8. Qc2 e6 9. Nbd2 Bd6 10. Bg3 h5 11. e4 Bxg3 12. hxg3 Ng4 13. exd5 exd5 14. O-O-O Nxf2 15. Rde1+ Kd7 16. Rhf1 Nd3+ 17. Kb1 Nxe1 18. Rxe1 Re8 19. Qf5+ Kc7 20. Qf4+ Kb6 21. b3 Rxe1+ 22. Nxe1 Qe7 23. Nc2 cxb3 24. axb3 g5 25. Qxg5 Qxg5 0-1

[Event "Live Chess"]
[Site "Chess.com"]
[Date "2023.05.21"]
[Round "-"]
[White "romchyk1219"]
[Black "HD_IN4k"]
[Result "1-0"]
[WhiteElo "620"]
[BlackElo "390"]
[TimeControl "300"]
[EndTime "16:34:23 PDT"]
[Termination "romchyk1219 won by checkmate"]

1. e4 e5 2. Nf3 f6 3. Bc4 Bc5 4. Nxe5 fxe5 5. Qh5+ g6 6. Qxe5+ Be7 7. Qxh8 Bf6 8.
Qxg8+ Ke7 9. Qf7+ Kd6 10. Qd5+ Ke7 11. Qf7+ Kd6 12. d4 c5 13. e5+ Kc7 14. exf6 Nc6 15.
Bf4+ Kb6 16. dxc5+ Kxc5 17. Qd5+ Kb6 18. Qb5# 1-0

[Event "Live Chess"]
[Site "Chess.com"]
[Date "2023.05.21"]
[Round "-"]
[White "LutherSullivan"]
[Black "Conradical12"]
[Result "1-0"]
[WhiteElo "2085"]
[BlackElo "1601"]
[TimeControl "300"]
[EndTime "16:34:35 PDT"]
[Termination "LutherSullivan won by resignation"]

1. e4 e5 2. Nc3 Nc6 3. Bc4 Nf6 4.
d3 Bc5 5. Nf3 Ng4 6. O-O d6 7. h3 f5 8. Bg5 Nf6 9. Nd5 Be6 10.
exf5 Bxf5 11. Nh4 Bg6 12. Bxf6 gxf6 13. Qg4 Qd7 14. Nxf6+ 1-0

[Event "Live Chess"]
[Site "Chess.com"]
[Date "2023.05.21"]
[Round "-"]
[White "karimghalambaz"]
[Black "chessfiction"]
[Result "0-1"]
[WhiteElo "1273"]
[BlackElo "2344"]
[TimeControl "300"]
[EndTime "16:34:36 PDT"]
[Termination "chessfiction won on time"]

1. d4 d5 2. Bf4 e5 3. dxe5 Nc6 4.
Nf3 Bg4 5. e3 f6 6. exf6 Nxf6 7.
Be2 Bd6 8. Bxd6 Qxd6 9. O-O O-O 10. h3 Bh5 11. c3 Ne4 12. Nbd2 Rae8 13. Nxe4 Rxe4 14. Nd4 Bxe2 15. Qxe2 Ne5 16. f3 Rh4 17. Qf2 Rh6 18. f4 Nc4 19. b3 Nb6 20. Rae1 c5 21. Nf3 Re6 22. Ne5 Qe7 23. Qg3 Nd7 24. Ng4 h5 25. Nh2 Nf6 26. f5 Re4 27. Rf3 d4 28. cxd4 cxd4 29. h4 Re8 30. Nf1 dxe3 31. Rfxe3 Qc5 32.
Kh1 Qxf5 33. Rxe4 Rxe4 34. Rxe4 Nxe4 35. Qb8+ Kh7 36. Qxb7 Qxf1+ 37. Kh2 Qf4+ 38. Kh1 Nf2+ 39. Kg1 Nh3+ 0-1

[Event "Live Chess"]
[Site "Chess.com"]
[Date "2023.05.21"]
[Round "-"]
[White "Brooms1989"]
[Black "AbilifyXL"]
[Result "1-0"]
[WhiteElo "1106"]
[BlackElo "1941"]
[TimeControl "300"]
[EndTime "16:34:54 PDT"]
[Termination "Brooms1989 won by resignation"]

1. e4 d5 2. exd5 Qxd5 3. Nc3 Qa5 4. d4 c6 5. Nf3 Nf6 6. Bd2 Bg4 7. Ne4 Qc7 8. Nxf6+ exf6 9. Qe2+ Be7 10. h3 Bf5 11.
Nh4 Bg6 12. Nxg6 hxg6 13. O-O-O O-O 14. h4 Na6 15. h5 g5 16. h6 g6 17. h7+ Kg7 18. Qe3 Rh8 19. Qh3 Kf8 20. Qh6+ Ke8 21. Qg7 Kd7 22. d5 Raf8 23. Be3 c5 24. d6 Bxd6 25.
Qxf6 Nb4 26. Bb5+ Nc6 27. Bxc5 1-0

[Event "Live Chess"]
[Site "Chess.com"]
[Date "2023.05.21"]
[Round "-"]
[White "wadsy27"]
[Black "xx_blindpuffin_xx"]
[Result "1-0"]
[WhiteElo "2573"]
[BlackElo "2197"]
[TimeControl "300"]
[EndTime "16:35:05 PDT"]
[Termination "wadsy27 won by resignation"]

1. c4 e6 2. g3 d5 3. Bg2 c6 4.
Nf3 Nf6 5. b3 Be7 6. Bb2 O-O 7.
O-O b6 8. d4 Bb7 9. Nc3 Nbd7 10.
Nd2 c5 11. e3 e5 12. Nxd5 Nxd5 13. cxd5 exd4 14. exd4 Bf6 15. Ne4 Bxd5 16. Nxf6+ Nxf6 17. dxc5 Bxg2 18. Qxd8 Rfxd8 19. Kxg2 bxc5 20. Bxf6 gxf6 21. Rfc1 Rd5 22. Rc2 a5 23. Rac1 Rc8 24. Rc4 Kg7 25. R1c2 f5 26. h4 Kf6 27. a3 Ke6 28. b4 axb4 29. axb4 Rb8 30. bxc5 Rc8 31. c6 Rd6 32. Kf3 Kf6 33. Kf4 Re6 34. c7 Ra6 35. Rc6+ Rxc6 36. Rxc6+ 1-0

[Event "Live Chess"]
[Site "Chess.com"]
[Date "2023.05.21"]
[Round "-"]
[White "birdseed45"]
[Black "Olisingapore"]
[Result "1-0"]
[WhiteElo "1863"]
[BlackElo "1824"]
[TimeControl "300"]
[EndTime "16:35:10 PDT"]
[Termination "birdseed45 won by resignation"]

1. e4 c5 2. Nf3 d6 3. d4 cxd4 4. Nxd4 Nf6 5. Nc3 a6 6. Be3 e5 7. Nf3 Be7 8. Nd5 Be6 9. Bb6 Qc8 10. Nc7+ Kf8 11. Nxa8 Nbd7 12. Nc7 Nxb6 13. Nxe6+ Qxe6 14. Bd3 Na4 15. O-O Qd7 16. b3 Nc5 17. Qd2 Ncxe4 18. Bxe4 Nxe4 19. Qe3 f5 20. Rfd1 Qe6 21. Qb6 Qc8 22. c4 Bd8 23. Qb4 a5 24. Qa3 Qa8 25. Nxe5 Qa7 26. Nd3 Bh4 27. g3 Bf6 28. Rac1 Bd4 29.
Rc2 Kf7 30. Rf1 h5 31. Qa4 b6 32. Qc6 Be5 33. Nxe5+ dxe5 34. Qd5+ Kf6 35. Re2 h4 36. Kg2 h3+ 37. Kg1 Qe7 38. f3 Nc3 39. Qc6+ Kg5 40. f4+ exf4 41. Rxe7 Rd8 42. Rxg7+ 1-0

[Event "Live Chess"]
[Site "Chess.com"]
[Date "2023.05.21"]
[Round "-"]
[White "KeithArkell"]
[Black "Pablo_dmp"]
[Result "1-0"]
[WhiteElo "2612"]
[BlackElo "1898"]
[TimeControl "300"]
[EndTime "16:35:26 PDT"]
[Termination "KeithArkell won by resignation"]

1. d4 Nf6 2. Nf3 e6 3. c4 Bb4+ 4. Bd2 a5 5. g3 b6 6. Bg2 Bb7 7. O-O O-O 8. Nh4 Bxg2 9. Nxg2 d5 10. cxd5 Qxd5 11. Bc3 Nc6 12. Nf4 Qd6 13. e3 Nd5 14.
Nxd5 Qxd5 15. Nd2 Qf5 16. Qf3 Qxf3 17. Nxf3 Rad8 18. Rac1 Bxc3 19. Rxc3 Rd6 20. a3 h6 21. Rfc1 Ne7 22. Rxc7 Nd5 23. Rb7 Rfd8 24. Ne5 Rf8 25. Rc6 Rxc6 26. Nxc6 f5 27. Ne7+ Nxe7 28. Rxe7 Rf6 29.
Rb7 1-0

[Event "Live Chess"]
[Site "Chess.com"]
[Date "2023.05.21"]
[Round "-"]
[White "luckywookie"]
[Black "manthanit"]
[Result "1-0"]
[WhiteElo "767"]
[BlackElo "1039"]
[TimeControl "300"]
[EndTime "16:35:55 PDT"]
[Termination "luckywookie won by checkmate"]

1. e4 e6 2. Nf3 d5 3. d3 dxe4 4.
dxe4 Qxd1+ 5. Kxd1 Nf6 6. Nc3 b6 7. Bf4 Bd6 8. e5 Bxe5 9. Bxe5 Ng4 10. Bxg7 Rg8 11. Bd4 c5 12. Be3 Bb7 13. Bb5+ Bc6 14. Bd3 h6 15. h3 Nxe3+ 16. fxe3 Rxg2 17. Ne5 Bf3+ 18. Nxf3 Nc6 19. Bb5 Rc8 20. Ne5 Rd8+ 21. Nd3 Rd6 22. Ne4 Rd8 23. Bxc6+ Ke7 24. a4 c4 25. Ra3 cxd3 26. Rxd3 Rc8 27. Rd7+ Kf8 28. Rd6 Ke7 29. b4 f5 30. Rd7+ Ke8 31. Nf6+ Kf8 32. Nh7+ Kg8 33. Nf6+ Kf8 34. Re1 Rxc6 35. Re2 Rg1+ 36.
Re1 Rg2 37. Re2 Rg1+ 38. Re1 Rg3 39. Re2 Rxh3 40. Red2 Rh1+ 41. Ke2 Rh2+ 42. Kd3 Rxd2+ 43. Kxd2 a5 44. b5 Rc4 45. c3 Rxa4 46. Nh5 Ke8 47. Rh7 Ra2+ 48. Kd3 Ra1 49. Kd4 Rd1+ 50. Ke5 Re1 51.
e4 fxe4 52. Kxe6 e3 53. Rh8# 1-0

[Event "Live Chess"]
[Site "Chess.com"]
[Date "2023.05.21"]
[Round "-"]
[White "smoggyrabbit"]
[Black "LL220284LL"]
[Result "1-0"]
[WhiteElo "1743"]
[BlackElo "2375"]
[TimeControl "300"]
[EndTime "16:36:06 PDT"]
[Termination "smoggyrabbit won by checkmate"]

1. d4 d5 2. Nf3 Nf6 3. e3 e6 4. Bd3 c5 5. b3 Be7 6. Bb2 Nbd7 7. O-O O-O 8. Nbd2 b6 9. Ne5 Bb7 10. f4 Rc8 11. Rf3 Ne4 12. Rh3 h6 13. Bxe4 dxe4 14. dxc5 Bxc5 15. Ng4 f5 16. Rxh6 Bxe3+ 17. Nxe3 gxh6 18.
Qh5 Rf6 19. Ndc4 Bd5 20. Nd6 Rc6 21. Bxf6 Nxf6 22. Qg6+ Kh8 23. Nf7# 1-0

[Event "Live Chess"]
[Site "Chess.com"]
[Date "2023.05.21"]
[Round "-"]
[White "alanmike75"]
[Black "DerbyKnight"]
[Result "1-0"]
[WhiteElo "1543"]
[BlackElo "1542"]
[TimeControl "300"]
[EndTime "16:36:17 PDT"]
[Termination "alanmike75 won by resignation"]

1. e4 c6 2. Nf3 d5 3. exd5 cxd5 4. Ne5 Nc6 5. Bb5 Qc7 6. d4 f6 7. Qh5+ g6 8. Nxg6 hxg6 9. Qxh8 Nh6 10. Bxh6 Qa5+ 11.
Nc3 a6 12. Qxf8+ Kd7 13. Bxc6+ bxc6 14. O-O Bb7 15. Qg7 g5 16. Qg6 Rh8 17. Qf5+ Kd8 18. Bg7 Bc8 19. Qf3 Rh7 20. Bxf6 exf6 21. Qxf6+ Kc7 22. Rae1 Kb8 23. Qxg5 Qc7 24. Qe5 1-0

[Event "Live Chess"]
[Site "Chess.com"]
[Date "2023.05.21"]
[Round "-"]
[White "JoshMcK"]
[Black "LodeshChess"]
[Result "1-0"]
[WhiteElo "1519"]
[BlackElo "1140"]
[TimeControl "300"]
[EndTime "16:36:18 PDT"]
[Termination "JoshMcK won by resignation"]

1. e4 c6 2. d4 d5 3. e5 Bf5 4. h4 h6 5. g4 Bh7 6. Bd3 Bxd3 7.
Qxd3 e6 8. Nc3 c5 9. dxc5 Bxc5 10. Be3 Bxe3 11. fxe3 Qb6 12. Nb5 Ne7 13. Nd6+ Kd7 14. b3 Nbc6 15. Nf3 Qb4+ 16. c3 Qxg4 17. Qe2 b6 18.
Nxf7 Rhf8 19. Rg1 Qh5 20. Rxg7 Rxf7 21. Rxf7 Qxf7 22. O-O-O Rf8 23. Rf1 Kc7 24. Nd2 Qg7 25. Rxf8 Qxf8 26. e4 Qf4 27. c4 Qxe5 28. Kb1 Nd4 29.
Qd3 Kd6 30. exd5 exd5 31. cxd5 Nxd5 32. Nc4+ Ke6 33. Nxe5 Kxe5 34. Qh7 Nc3+ 35. Kb2 Kd5 36. Kxc3 Ne2+ 37. Kd2 Nf4 38. Qxh6 Ng2 39. Qg5+ 1-0

[Event "Live Chess"]
[Site "Chess.com"]
[Date "2023.05.21"]
[Round "-"]
[White "raminguy"]
[Black "WelshTiger"]
[Result "0-1"]
[WhiteElo "1963"]
[BlackElo "2360"]
[TimeControl "300"]
[EndTime "16:36:18 PDT"]
[Termination "WelshTiger won on time"]

1. d4 d5 2. Nc3 e6 3. Bf4 Bd6 4. e3 Bxf4 5. exf4 a6 6. Nf3 Nf6 7. Ne5 c5 8. g4 Nc6 9. g5 Nd7 10. Nxc6 bxc6 11. h4 Qa5 12. a3 Qc7 13. Qd2 Rb8 14.
Rb1 cxd4 15. Qxd4 e5 16. fxe5 Qxe5+ 17. Qxe5+ Nxe5 18. Be2 O-O 19. f4 Ng6 20. Kf2 Nxf4 21. Bf1 Bf5 22. Rc1 Rxb2 23. Bxa6 Bxc2 24. Ke3 Ne6 25.
Ne2 Rb3+ 26. Kd2 Rxa3 27. Bb7 Be4 28. Rhg1 c5 29. Rg3 Ra2+ 30. Ke1 c4 31. Nc3 Rb2 32. Bxd5 Bxd5 33. Nxd5 Nd4 34. Rxc4 Re8+ 35. Re3 Ne6 36. h5 Kf8 37. g6 hxg6 38. hxg6 fxg6 39. Rce4 Rb1+ 40.
Kf2 Rb2+ 41. Kf1 Rb1+ 42. Kf2 Rd1 43. Nf4 Rd2+ 44. Kf1 Nxf4 45. Rxe8+ Kf7 46. R3e7+ Kf6 47. Rf8+ Kxe7 48. Rxf4 Rd5 49. Rg4 Kf6 50. Rg3 Rf5+ 0-1

[Event "Live Chess"]
[Site "Chess.com"]
[Date "2023.05.21"]
[Round "-"]
[White "AbilifyXL"]
[Black "CeladonFish"]
[Result "1-0"]
[WhiteElo "1941"]
[BlackElo "1117"]
[TimeControl "300"]
[EndTime "16:36:30 PDT"]
[Termination "AbilifyXL won by resignation"]

1. d4 Nf6 2. c4 g6 3. Nc3 Bg7 4. e4 O-O 5. Be2 b6 6. Bg5 Bb7 7. Qc2 Nc6 8. Nf3 Nb4 9. Qb1 c6 10.
a3 Na6 11. O-O d5 12. e5 Ne4 13. Nxe4 dxe4 14. Qxe4 c5 15. Qxb7 1-0

[Event "Live Chess"]
[Site "Chess.com"]
[Date "2023.05.21"]
[Round "-"]
[White "mattihelenius2"]
[Black "HoarseyHorsey"]
[Result "0-1"]
[WhiteElo "489"]
[BlackElo "1433"]
[TimeControl "300"]
[EndTime "16:36:32 PDT"]
[Termination "HoarseyHorsey won by resignation"]

1. d4 Nf6 2. c4 e6 3. Nc3 d5 4. cxd5 exd5 5. Bg5 Bb4 6. Qd3 c6 7. a3 Be7 8. Bxf6 Bxf6 9. e3 O-O 10. Nf3 Bg4 11. h3 Bh5 12. Be2 Bg6 13. Ne5 Bxd3 14. Bxd3 Bxe5 15. O-O Bf6 16. Rae1 Re8 17. Ne2 Nd7 18.
Nf4 Bg5 19. b4 Bxf4 20. exf4 Qf6 21. Rxe8+ Rxe8 22. g4 Qxd4 23. Be2 Qxf4 24. Re1 Qd2 25. Kf1 Nf6 26. Bd3 Rxe1+ 27. Kg2 Qxd3 0-1

[Event "Live Chess"]
[Site "Chess.com"]
[Date "2023.05.21"]
[Round "-"]
[White "EdenHazard8"]
[Black "Conradical12"]
[Result "1-0"]
[WhiteElo "1994"]
[BlackElo "1599"]
[TimeControl "300"]
[EndTime "16:36:50 PDT"]
[Termination "EdenHazard8 won by resignation"]

1. e4 e5 2. Nf3 Nc6 3. Bb5 Nf6 4.
O-O Bc5 5. Re1 O-O 6. d3 d6 7. h3 Be6 8. Bg5 h6 9. Bh4 a6 10. Ba4 Nd4 11. Nc3 b5 12. Bb3 Bxb3 13. axb3 g5 14. Nxg5 hxg5 15. Bxg5 Ne6 16. Bh4 Kg7 17. Nd5 Bxf2+ 18. Kxf2 Nxe4+ 19. Rxe4 f6 20. Qh5 Ng5 21. Rg4 c6 22. Kg1 cxd5 23. Bxg5 fxg5 24. Rxg5+ Kf6 25. Rf1+ Ke7 26. Rg7+ Ke6 27. Qg4+ 1-0

[Event "Live Chess"]
[Site "Chess.com"]
[Date "2023.05.21"]
[Round "-"]
[White "toog"]
[Black "elvenstar"]
[Result "1-0"]
[WhiteElo "2582"]
[BlackElo "1559"]
[TimeControl "300"]
[EndTime "16:37:09 PDT"]
[Termination "toog won by resignation"]

1. e4 d5 2. exd5 Nf6 3. Nc3 e6 4. dxe6 Bxe6 5. d4 Bd6 6. Nf3 c6 7. Be2 O-O 8. O-O Nbd7 9. h3 h6 10. Re1 Qc7 11. Bd3 Rfe8 12. Ne4 Nxe4 13. Bxe4 Bf4 14.
Bxf4 Qxf4 15. Qd2 Qc7 16. Rad1 Rad8 17. c3 Nf6 18. Bc2 Bd5 19. Ne5 Nh7 20. Qd3 g6 21.
Re3 Kg7 22. Rg3 Ng5 23. h4 Ne4 24. Rg4 Rxe5 25. dxe5 Qxe5 26. Qd4 Qxd4 27. Rxd4 Nf6 28.
Rg3 Re8 29. Re3 Rxe3 30. fxe3 c5 31. Rd1 Bc6 32. e4 Nxe4 33. Bxe4 Bxe4 34. Rd7 Bc6 35. Rc7 Kf6 36. Kf2 Ke6 37. g3 f6 38. Ke3 h5 39. Rg7 Kf5 40. Kf2 g5 41. Rh7 gxh4 42. Rxh5+ Kg6 43. Rxh4 f5 44. Ke3 Kg5 45. Rh8 Be4 46.
Rg8+ Kf6 47. Kf4 Kf7 48. Rc8 Ke6 49. Rxc5 1-0

[Event "Live Chess"]
[Site "Chess.com"]
[Date "2023.05.21"]
[Round "-"]
[White "DaveL5678"]
[Black "BJAW87"]
[Result "0-1"]
[WhiteElo "1011"]
[BlackElo "1441"]
[TimeControl "300"]
[EndTime "16:37:10 PDT"]
[Termination "BJAW87 won by checkmate"]

1. e4 c6 2. d4 d5 3. f3 dxe4 4.
fxe4 Nd7 5. Be3 Ngf6 6. Nc3 e6 7. Nf3 Bb4 8. Bd3 O-O 9. O-O Bxc3 10. bxc3 b6 11. e5 Nd5 12. Bd2 Bb7 13. Ng5 Nxc3 14. Nxh7 Nxd1 15. Raxd1 c5 16. Ng5 f6 17. Nxe6 Qe7 18. Nxf8 Kxf8 19. Bg6 cxd4 20. Rde1 Nxe5 21. Bf4 Kg8 22. Bxe5 fxe5 23. Rf5 e4 24. Rf7 Qxf7 25.
Bxf7+ Kxf7 26. Rf1+ Ke6 27. h4 Ba6 28. Rf4 e3 29. Rxd4 e2 30. Re4+ Kd5 31. Re7 Rc8 32. Kf2 Rxc2 33. Ke1 Rxa2 34. Rxg7 Ra1+ 35. Kd2 e1=Q+ 36.
Kc2 Qe2+ 37. Kb3 Bc4+ 38. Kb4 Qb2# 0-1